% Time on Ice - EDMONTON ICE
Lines # - Real PCT - Wanted PCT - Time Play
Normal Forward
1 - 36% - 36% - 19:30
2 - 31% - 32% - 16:53
3 - 26% - 25% - 14:09
4 - 7% - 7% - 3:31
Normal Defense
1 - 36% - 37% - 19:23
2 - 32% - 32% - 17:05
3 - 25% - 23% - 13:38
4 - 7% - 8% - 3:57
PP Forward
1 - 50% - 60% - 2:59
2 - 50% - 40% - 2:58
PP Defense
1 - 65% - 60% - 3:52
2 - 35% - 40% - 2:05
PK Forward
1 - 0% - 60%
2 - 0% - 40%
PK Defense
1 - 0% - 60%
2 - 0% - 40%
PK3 Forward
1 - 0% - 55%
2 - 0% - 45%
PK3 Defense
1 - 0% - 55%
2 - 0% - 45%
44 Forward
1 - 0% - 55%
2 - 0% - 45%
44 Defense
1 - 0% - 55%
2 - 0% - 45%
Last Minute Offensive  - 0:00
Last Minute Defensive  - 0:00
Total
Forward - 60:00
Defense - 60:00
% Time on Ice - COLORADO GLACIERCATS
Lines # - Real PCT - Wanted PCT - Time Play
Normal Forward
1 - 34% - 35% - 18:38
2 - 31% - 33% - 17:01
3 - 27% - 27% - 14:41
4 - 7% - 5% - 3:43
Normal Defense
1 - 35% - 40% - 19:09
2 - 37% - 36% - 19:48
3 - 22% - 20% - 11:54
4 - 6% - 4% - 3:12
PP Forward
1 - 0% - 50%
2 - 0% - 50%
PP Defense
1 - 0% - 50%
2 - 0% - 50%
PK Forward
1 - 54% - 50% - 3:12
2 - 46% - 50% - 2:45
PK Defense
1 - 60% - 50% - 3:34
2 - 40% - 50% - 2:23
PK3 Forward
1 - 0% - 50%
2 - 0% - 50%
PK3 Defense
1 - 0% - 50%
2 - 0% - 50%
44 Forward
1 - 0% - 50%
2 - 0% - 50%
44 Defense
1 - 0% - 45%
2 - 0% - 55%
Last Minute Offensive  - 0:00
Last Minute Defensive  - 0:00
Total
Forward - 60:00
Defense - 60:00
Play-by-Play 1st period 0:01 of 1st period - Tage Thompson wins face-off versus Jack Eichel in neutral zone. 1:09 of 1st period - Shot by Blake Wheeler. 1:09 of 1st period - Shot Blocked by Justin Barron. 1:56 of 1st period - Icing by Jarred Tinordi. 1:57 of 1st period - Alexander Wennberg wins face-off versus Anton Lundell in EDMONTON ICE zone. 2:00 of 1st period - Shot by Nino Niederreiter. 2:00 of 1st period - Shot Misses the Net. 2:15 of 1st period - Icing by Anton Lundell. 2:16 of 1st period - Adam Ruzicka wins face-off versus Anton Lundell in EDMONTON ICE zone. 2:17 of 1st period - Shot by Devon Toews. 2:17 of 1st period - Shot Misses the Net. 2:26 of 1st period - Icing by Devon Toews. 2:27 of 1st period - Adam Ruzicka wins face-off versus Jack Eichel in COLORADO GLACIERCATS zone. 3:46 of 1st period - Shot by Nino Niederreiter. 3:46 of 1st period - Stopped by Vitek Vanecek without a rebound. 3:47 of 1st period - Tomas Hertl wins face-off versus Dawson Mercer in EDMONTON ICE zone. 3:47 of 1st period - Tomas Hertl is hit by Shea Theodore. 4:23 of 1st period - Shot by Vladislav Gavrikov. 4:23 of 1st period - Shot Blocked by Shea Theodore. 4:34 of 1st period - Off-side. 4:35 of 1st period - Tage Thompson wins face-off versus Anton Lundell in neutral zone. 4:42 of 1st period - Shot by Tage Thompson. 4:42 of 1st period - Stopped by Vitek Vanecek without a rebound. 4:43 of 1st period - Alexander Wennberg wins face-off versus Anton Lundell in EDMONTON ICE zone. 4:46 of 1st period - Shot by Alexander Wennberg. 4:46 of 1st period - Stopped by Vitek Vanecek without a rebound. 4:47 of 1st period - Anton Lundell wins face-off versus Tage Thompson in EDMONTON ICE zone. 4:56 of 1st period - Shot by Tage Thompson. 4:56 of 1st period - Shot Misses the Net. 5:06 of 1st period - Tage Thompson is hit by Anton Lundell and loses puck. 5:51 of 1st period - Shot by Alexander Wennberg. 5:51 of 1st period - Deflect By Nino Niederreiter. 5:51 of 1st period - Shot Misses the Net. 5:53 of 1st period - Shot by Alexander Wennberg. 5:53 of 1st period - Shot Misses the Net. 6:07 of 1st period - Shot by Alexander Wennberg. 6:07 of 1st period - Stopped by Vitek Vanecek without a rebound. 6:08 of 1st period - Tomas Hertl wins face-off versus Jack Eichel in EDMONTON ICE zone. 6:25 of 1st period - Shot by Tomas Hertl. 6:25 of 1st period - Stopped by Vitek Vanecek without a rebound. 6:26 of 1st period - Anton Lundell wins face-off versus Alexander Wennberg in EDMONTON ICE zone. 6:26 of 1st period - Anton Lundell is hit by Nino Niederreiter. 6:54 of 1st period - Shot by Nino Niederreiter. 6:54 of 1st period - Stopped by Vitek Vanecek without a rebound. 6:55 of 1st period - Leon Draisaitl wins face-off versus Dawson Mercer in EDMONTON ICE zone. 6:58 of 1st period - Shot by Tage Thompson. 6:58 of 1st period - Shot Blocked by Justin Barron. 7:06 of 1st period - Off-side. 7:07 of 1st period - Tomas Hertl wins face-off versus Jack Eichel in neutral zone. 7:07 of 1st period - Kristopher Letang is hit by Jack Eichel and loses puck. 7:33 of 1st period - Shot by Alex Tuch. 7:33 of 1st period - Shot Blocked by Blake Wheeler. 7:36 of 1st period - Icing by Vince Dunn. 7:37 of 1st period - Tomas Hertl wins face-off versus Anthony Mantha in COLORADO GLACIERCATS zone. 8:21 of 1st period - Icing by Vince Dunn. 8:22 of 1st period - Tomas Hertl wins face-off versus Scott Laughton in COLORADO GLACIERCATS zone. 9:08 of 1st period - Shot by Jamie Benn. 9:08 of 1st period - Stopped by Vitek Vanecek without a rebound. 9:09 of 1st period - Alexander Wennberg wins face-off versus Jack Eichel in EDMONTON ICE zone. 9:10 of 1st period - Shot by Nino Niederreiter. 9:10 of 1st period - Shot Misses the Net. 10:25 of 1st period - Shot by Jamie Benn. 10:25 of 1st period - Goal by Jamie Benn - EDMONTON ICE : 0 - COLORADO GLACIERCATS : 1. 10:26 of 1st period - Anton Lundell wins face-off versus Tomas Hertl in neutral zone. 10:34 of 1st period - Shot by Anthony Mantha. 10:34 of 1st period - Stopped by Andrei Vasilevskiy without a rebound. 10:35 of 1st period - Tage Thompson wins face-off versus Anton Lundell in COLORADO GLACIERCATS zone. 11:33 of 1st period - Off-side. 11:34 of 1st period - Alexander Wennberg wins face-off versus Dawson Mercer in neutral zone. 12:07 of 1st period - Shot by Scott Laughton. 12:07 of 1st period - Shot Blocked by Alexander Wennberg. 12:09 of 1st period - Shot by Gustav Nyquist. 12:09 of 1st period - Goal by Gustav Nyquist - EDMONTON ICE : 1 - COLORADO GLACIERCATS : 1. 12:10 of 1st period - Jack Eichel wins face-off versus Tomas Hertl in neutral zone. 12:16 of 1st period - Shot by Tomas Hertl. 12:16 of 1st period - Stopped by Vitek Vanecek without a rebound. 12:17 of 1st period - Anthony Mantha wins face-off versus Tomas Hertl in EDMONTON ICE zone. 12:53 of 1st period - Shot by Evgeny Dadonov. 12:53 of 1st period - Stopped by Andrei Vasilevskiy without a rebound. 12:54 of 1st period - Jack Eichel wins face-off versus Leon Draisaitl in COLORADO GLACIERCATS zone. 12:55 of 1st period - Shot by Alex Tuch. 12:55 of 1st period - Stopped by Andrei Vasilevskiy without a rebound. 12:56 of 1st period - Jack Eichel wins face-off versus Tage Thompson in COLORADO GLACIERCATS zone. 13:01 of 1st period - Shot by Jack Eichel. 13:01 of 1st period - Shot Misses the Net. 13:04 of 1st period - Icing by Vladislav Gavrikov. 13:05 of 1st period - Tage Thompson wins face-off versus Dawson Mercer in COLORADO GLACIERCATS zone. 13:05 of 1st period - Leon Draisaitl is hit by Dawson Mercer and loses puck. 13:20 of 1st period - Vladislav Gavrikov is hit by Scott Laughton and loses puck. 13:32 of 1st period - Icing by Vladislav Gavrikov. 13:33 of 1st period - Jack Eichel wins face-off versus Tage Thompson in COLORADO GLACIERCATS zone. 13:36 of 1st period - Shot by Alex Tuch. 13:36 of 1st period - Shot Blocked by Vladislav Gavrikov. 13:55 of 1st period - Off-side. 13:56 of 1st period - Anton Lundell wins face-off versus Alexander Wennberg in neutral zone. 14:01 of 1st period - Shot by Evgeny Dadonov. 14:01 of 1st period - Stopped by Andrei Vasilevskiy with a rebound. 14:29 of 1st period - Shot by Alexander Wennberg. 14:29 of 1st period - Shot Misses the Net. 14:40 of 1st period - Ryan Graves is hit by Nino Niederreiter and loses puck. 15:33 of 1st period - Shot by Blake Wheeler. 15:33 of 1st period - Stopped by Vitek Vanecek with a rebound. 16:01 of 1st period - Leon Draisaitl is hit by Anthony Beauvillier and loses puck. 16:17 of 1st period - Jamie Benn is hit by Michael Matheson and loses puck. 17:27 of 1st period - Blake Wheeler is hit by Jarred Tinordi and loses puck. 17:31 of 1st period - Blake Wheeler is hit by Jarred Tinordi. 17:37 of 1st period - Shot by Blake Wheeler. 17:37 of 1st period - Shot Misses the Net. 17:54 of 1st period - Tomas Hertl is hit by Jarred Tinordi and loses puck. 18:08 of 1st period - Icing by Zach Whitecloud. 18:09 of 1st period - Dawson Mercer wins face-off versus Alexander Wennberg in EDMONTON ICE zone. 18:22 of 1st period - Shot by Anton Lundell. 18:22 of 1st period - Stopped by Andrei Vasilevskiy without a rebound. 18:23 of 1st period - Tage Thompson wins face-off versus Anton Lundell in COLORADO GLACIERCATS zone. 18:32 of 1st period - Shot by Tage Thompson. 18:32 of 1st period - Shot Misses the Net. 19:01 of 1st period - Shot by Jamie Benn. 19:01 of 1st period - Shot Blocked by Justin Barron. 19:03 of 1st period - Shot by Devon Toews. 19:03 of 1st period - Goal by Devon Toews - EDMONTON ICE : 1 - COLORADO GLACIERCATS : 2. 19:04 of 1st period - Alexander Wennberg wins face-off versus Alex Tuch in neutral zone. Goals for this period are 1 for EDMONTON ICE vs 2 for COLORADO GLACIERCATS. Shots for this period are 6 for EDMONTON ICE vs 11 for COLORADO GLACIERCATS. 2nd period 0:01 of 2nd period - Tomas Hertl wins face-off versus Dawson Mercer in neutral zone. 0:33 of 2nd period - Off-side. 0:34 of 2nd period - Tage Thompson wins face-off versus Anton Lundell in neutral zone. 0:36 of 2nd period - Off-side.